 Dungeon Crawl Stone Soup version 0.19.5 (webtiles) character file.

293 McKennaii the Skirmisher (level 6, -3/48 HPs)
             Began as a Demonspawn Abyssal Knight on Apr 30, 2017.
             Was a Priest of Lugonu.
             Killed by divine providence
             ... invoked by an orc priest
              (9 damage)
             ... on level 4 of the Dungeon.
             The game lasted 00:08:55 (3336 turns).

McKennaii the Skirmisher (DsAK)                     Turns: 3336, Time: 00:08:56

Health: -3/48      AC:  9    Str: 12    XL:     6   Next: 11%
Magic:  0/7        EV:  5    Int: 14    God:    Lugonu [***...]
Gold:   233        SH:  5    Dex: 14    Spells: 0 memorised, 5 levels left

rFire  . . .     SeeInvis .     a - +1 falchion
rCold  . . .     Gourm    .     g - +0 chain mail
rNeg   . . .     Faith    .     h - +2 buckler
rPois  .         Spirit   +     n - +0 helmet
rElec  .         Reflect  .     (no cloak)
rCorr  .         Harm     .     (no gloves)
MR     .....                    (no boots)
Stlth  ..........               o - amulet of regeneration
                                (no ring)
                                l - +1 ring of evasion

@: heavily drained
A: hooves 1, magic shield, magic regeneration
a: Depart the Abyss, Bend Space, Banish, Renounce Religion


You were on level 4 of the Dungeon.
You worshipped Lugonu.
Lugonu was most pleased with you.
You were not hungry.

You visited 1 branch of the dungeon, and saw 4 of its levels.
You visited the Abyss 1 time.

You collected 233 gold pieces.

Inventory:

Hand Weapons
 a - a +1 falchion (weapon)
Armour
 g - a +0 chain mail (worn)
 h - a +2 buckler (worn)
 n - a +0 helmet (worn)
Jewellery
 e - an uncursed amulet of harm
 l - a +1 ring of evasion (left hand)
 o - an amulet of regeneration (around neck)
 y - a cursed -3 ring of strength {unknown}
Wands
 q - a wand of digging (3/24)
 t - a wand of acid (5/15)
Scrolls
 d - 3 scrolls of remove curse
 i - 4 scrolls of identify
 k - 2 scrolls of teleportation {unknown}
 r - a scroll of enchant armour {unknown}
 s - 2 scrolls of recharging {unknown}
 w - a scroll of amnesia {unknown}
 x - a scroll of fog {unknown}
Potions
 b - 3 potions of agility {unknown}
 m - a potion of brilliance {unknown}
 v - a potion of heal wounds {unknown}
Comestibles
 c - 6 bread rations
 f - 3 fruits
 j - 2 chunks of flesh
 p - a beef jerky
 u - a slice of pizza


   Skills:
 + Level 3.9(2.2) Fighting
 + Level 3.7(2.0) Long Blades
 + Level 3.3(1.6) Armour
 + Level 1.6(0.1) Dodging
 + Level 1.5(0.0) Shields
 + Level 2.6(1.0) Invocations


You had 5 spell levels left.
You didn't know any spells.

Dungeon Overview and Level Annotations

Branches:
Dungeon (4/15)
 Temple: D:4-7

Altars:
Nemelex Xobeh
Trog
Xom

Shops:
D:4 [

Annotations:
D:3 1 runed door


Innate Abilities, Weirdness & Mutations

You have large cloven feet.
When hurt, damage is shared between your health and your magic reserves.
You regenerate magic rapidly.


Message History

The orc priest is almost dead.
The orc priest hits you but does no damage.
The orc priest mumbles some strange prayers to Beogh against you.
Beogh smites you!
* * * LOW HITPOINT WARNING * * *
You hit the orc priest but do no damage.
The orc priest is severely wounded.
The orc priest casts a cantrip, but nothing happens.
You closely miss the orc priest.
The orc priest is severely wounded.
The orc priest hits you but does no damage.
You hit the orc priest.
You kick the orc priest, but do no damage.
The orc priest is severely wounded.
The orc priest looks satisfied for a moment.
You barely miss the orc priest.
The orc priest is severely wounded.
The orc priest invokes the aid of Beogh against you.
Beogh smites you!
You die...

#........)).<#..#.# #.......#
#........)####..#o# ##.......###
##.........# #..#.# #..........#
..#######.## #..#.# #..........#
..# #.# #..#.# #.......>..# ..#
#.# ####.# ########'### ..# #.#
#.# ###...# ..#
#.########.#######.'...# ..#
#.......@o.......#.#...#
..################.#....>..#...#
.........................#.#...#
##########################.#...#
...........................#...#
#######.###.##############.#...##
...........................'...'.
##########################.#...##
#.#####


You could see an orc priest.

Vanquished Creatures
  2 orc priests (D:4)
  Robin (D:2)
  4 gnolls (D:3)
  7 adders
  2 oozes (D:3)
  A worm (D:2)
  2 dart slugs
  A leopard gecko (D:1)
  7 orcs
  A ball python (D:2)
  4 giant cockroaches
  14 goblins
  15 hobgoblins
  7 jackals
  8 bats
  17 frilled lizards
  5 kobolds (D:1)
  7 rats
105 creatures vanquished.

Vanquished Creatures (others)
  A plant (D:1)
1 creature vanquished.

Grand Total: 106 creatures vanquished

Notes
Turn   | Place    | Note
-------+----------+-------------------------------------------
     0 | Abyss:1  | McKennaii the Demonspawn Abyssal Knight began the quest for the Orb.
     0 | Abyss:1  | Reached XP level 1. HP: 18/18 MP: 2/2
    49 | Abyss:2  | Found a corrupted altar of Lugonu.
    92 | Abyss:2  | Noticed a ynoxinul
   108 | D:1      | Escaped the Abyss
   512 | D:1      | Gained mutation: When hurt, damage is shared between your health and your magic reserves. [demonic ancestry]
   512 | D:1      | Reached XP level 2. HP: 24/24 MP: 3/3
   556 | D:1      | Reached * piety under Lugonu
   605 | D:1      | Reached skill level 1 in Dodging
   647 | D:1      | Gained mutation: You have large cloven feet. [demonic ancestry]
   647 | D:1      | Reached XP level 3. HP: 22/29 MP: 2/4
  1034 | D:2      | Found a bloodstained altar of Trog.
  1068 | D:2      | Noticed Robin
  1090 | D:1      | Reached ** piety under Lugonu
  1195 | D:1      | Reached XP level 4. HP: 26/36 MP: 5/5
  1518 | D:2      | Killed Robin
  1606 | D:2      | Reached skill level 1 in Shields
  1630 | D:2      | Found a shimmering altar of Xom.
  1635 | D:2      | Found a shimmering altar of Xom.
  1685 | D:2      | Found a shimmering altar of Xom.
  1686 | D:2      | Found a shimmering altar of Xom.
  1686 | D:2      | Found a shimmering altar of Xom.
  2005 | D:3      | Found a sparkling altar of Nemelex Xobeh.
  2038 | D:3      | Gained mutation: You regenerate magic rapidly. [demonic ancestry]
  2038 | D:3      | Reached XP level 5. HP: 42/42 MP: 6/6
  2372 | D:3      | Found a runed door.
  2791 | D:4      | Found Vinnarph's Armour Shoppe.
  3173 | D:4      | HP: 2/42 [orc priest/divine providence (11)]
  3258 | D:4      | Reached *** piety under Lugonu
  3285 | D:4      | Reached XP level 6. HP: 28/48 MP: 4/7
  3336 | D:4      | Killed from afar by an orc priest

Skill      XL: |  1  2  3  4  5 |
---------------+----------------+-----
Long Blades    | 2 3 |  3.7
Armour         | 2 3 |  3.3
Dodging        | 1 |  1.6
Shields        | 1 |  1.5
Fighting       | |  3.9
Invocations    | |  2.6

Action                   |  1- 3 |  4- 6 || total
-------------------------+-------+-------++-------
Melee: Falchion          |   174 |   274 ||   448
       Kick              |    16 |    65 ||    81
Invok: Depart the Abyss  |     1 |       ||     1
  Use: Scroll            |     2 |     3 ||     5
  Eat: Chunk             |     1 |     8 ||     9
Armor: Chain mail        |   183 |   219 ||   402
Dodge: Dodged            |    53 |    86 ||   139
Block: Buckler           |    57 |   108 ||   165
       Rpst.: Falchion   |    21 |    29 ||    50
